 Dungeon Crawl Stone Soup version 0.18.1-50-g88ac8fd (webtiles) character file.

312 Kayy the Cudgeler (level 6, 0/50 HPs)
             Began as a Centaur Wanderer on Oct 12, 2016.
             Was an Initiate of Qazlal.
             Slain by Grinder (1 damage)
             ... on level 4 of the Dungeon.
             The game lasted 00:18:15 (3574 turns).

Kayy the Cudgeler (Centaur Wanderer)                Turns: 3574, Time: 00:18:16

Health: 0/50       AC:  6    Str: 17    XL:     6   Next: 18%
Magic:  6/6        EV:  9    Int: 10    God:    Qazlal [......]
Gold:   94         SH:  4    Dex:  9    Spells: 0 memorised, 5 levels left

rFire  . . .     SeeInvis .     d - +1 mace
rCold  . . .     Gourm    .     n - +2 robe
rNeg   . . .     Faith    .     e - +1 buckler
rPois  .         Spirit   .     (no helmet)
rElec  .         Dismiss  .     (no cloak)
rCorr  .         Reflect  .     (no gloves)
SustAt .         Harm     .     (no barding)
MR     .....                    (no amulet)
Stlth  +.........               (no ring)
                                (no ring)

@: very quick, not resistant to hostile enchantments, very unstealthy
A: hooves 3, deformed body, speed 2, tough skin 3
a: Renounce Religion


You were on level 4 of the Dungeon.
You worshipped Qazlal.
Qazlal was noncommittal.
You were not hungry.

You visited 1 branch of the dungeon, and saw 4 of its levels.

You collected 94 gold pieces.

Inventory:

Hand Weapons
 d - a +1 mace (weapon)
Armour
 e - a +1 buckler (worn)
 n - a +2 robe (worn)
Wands
 i - a wand of confusion (31/48)
Scrolls
 j - 2 scrolls of remove curse
 k - a scroll of identify
Potions
 a - a potion of haste
 c - a potion of curing
Comestibles
 b - 2 chunks of flesh
 f - 3 bread rations
 g - a beef jerky
 h - a meat ration


   Skills:
 + Level 2.5 Fighting
 + Level 3.9 Maces & Flails
   Level 2.1 Crossbows
 + Level 2.5 Armour
 + Level 2.1 Dodging
 + Level 1.9 Stealth
 + Level 0.1 Shields


You had 5 spell levels left.
You didn't know any spells.

Dungeon Overview and Level Annotations

Branches:
Dungeon (4/15)
 Temple: D:4-7

Altars:
Ashenzari
Pakellas
Qazlal
The Shining One

Annotations:
D:4 Grinder


Innate Abilities, Weirdness & Mutations

You have hooves in place of feet.
Armour fits poorly on your strangely shaped body.
You cover ground very quickly.
You have extremely tough skin (AC +3).


Message History

Grinder hits you.
You writhe in agony.
You thump Grinder!
Grinder is moderately wounded.
Grinder says, "I used to sell toenails on the black market."
Grinder blinks!
The orc hits you with a war axe.
You barely miss the orc. You block the orc's attack.
You hit the orc but do no damage. You kick the orc.
The orc is lightly wounded.
The orc hits you with a war axe.
You hit the orc. You kick the orc.
The orc is almost dead.
Grinder hits you.
You writhe in agony.
The orc hits you with a war axe!
* * * LOW HITPOINT WARNING * * *
You barely miss the orc.
The orc is almost dead.
Grinder hits you.
* * * LOW HITPOINT WARNING * * *
You writhe in agony.
You die...

#...##.#......#
.............#
###..........#
#............#
#..........#
##>.........#######
#..<........#.....##
#...[...####.5.....#
##.......#
#.@o......# ##
#..#######
#.........# . #.##
#.........# ####.#
#.....<...# .....#
#.........# ..#####
##.......## >......
......... ######.
......... ######


You could see Grinder and an orc.

Vanquished Creatures
  Sigmund (D:2)
  A hound skeleton (D:4)
  6 adders
  4 oozes
  A worm (D:3)
  2 dart slugs
  4 giant geckos
  4 orcs (D:3)
  4 giant cockroaches
  6 goblins
  3 hobgoblins
  4 jackals (D:2)
  6 kobolds
  2 quokkas (D:2)
  2 bats
  4 giant newts
  5 rats
59 creatures vanquished.

Notes
Turn   | Place    | Note
--------------------------------------------------------------
     0 | D:1      | Kayy the Centaur Wanderer began the quest for the Orb.
     0 | D:1      | Kayy set off with: a +2 dagger, a potion of berserk rage, a +0 ring mail, a +0 mace, a bread ration
     0 | D:1      | Reached XP level 1. HP: 16/16 MP: 1/1
   447 | D:1      | Reached skill level 3 in Maces & Flails
   462 | D:1      | Reached XP level 2. HP: 22/23 MP: 2/2
   761 | D:2      | Reached XP level 3. HP: 18/28 MP: 3/3
  1758 | D:2      | Found a stormy altar of Qazlal.
  1778 | D:2      | Became a worshipper of Qazlal Stormbringer
  1844 | D:2      | Noticed Sigmund
  1858 | D:2      | Killed Sigmund
  1858 | D:2      | Reached skill level 1 in Dodging
  1858 | D:2      | Reached XP level 4. HP: 9/36 MP: 4/4
  1858 | D:2      | Reached XP level 5. HP: 11/41 MP: 5/5
  2505 | D:3      | Found a glowing golden altar of the Shining One.
  2591 | D:3      | Reached XP level 6. HP: 45/50 MP: 6/6
  2629 | D:3      | Found an oddly glowing altar of Pakellas.
  3416 | D:3      | Found a shattered altar of Ashenzari.
  3564 | D:4      | Noticed Grinder
  3574 | D:4      | HP: 1/50 [Grinder (6)]
  3574 | D:4      | Slain by Grinder

Skill      XL: |  1  2  3  4  5  6 |
---------------+-------------------+-----
Maces & Flails | 3 |  3.9
Fighting       | 2 |  2.5
Armour         | 2 |  2.5
Dodging        | 1 2 |  2.1
Crossbows      | |  2.1
Stealth        | |  1.9
Shields        | |  0.1

Action                   |  1- 3 |  4- 6 || total
-------------------------+-------+-------++-------
Melee: Mace              |    89 |   112 ||   201
       Kick              |    19 |    26 ||    45
  Use: Scroll            |     8 |     5 ||    13
       Potion            |     4 |     3 ||     7
  Eat: Chunk             |     2 |     6 ||     8
Armor: Ring mail         |    47 |       ||    47
       Robe              |       |    60 ||    60
Dodge: Dodged            |    36 |    54 ||    90
Block: Buckler           |     4 |    22 ||    26
